 Dungeon Crawl Stone Soup version 0.29.1-12-g30fa7ad0bf (webtiles) character file.

Game seed: 997341528575869026

84642 rakiston the Slayer (level 15, -2/160 HPs)
             Began as a Minotaur Berserker on Dec 21, 2022.
             Was a High Priest of Trog.
             Slain by an enormous slime creature (36 damage)
             ... on level 13 of the Dungeon on Dec 22, 2022.
             The game lasted 02:36:39 (25629 turns).

rakiston the Slayer (Minotaur Berserker)           Turns: 25629, Time: 02:36:40

Health: -2/160     AC: 33    Str: 34    XL:     15   Next: 35%
Magic:  14/14      EV: 12    Int:  8    God:    Trog [*****.]
Gold:   1222       SH:  0    Dex: 14    Spells: 14/14 levels left

rFire   . . .      SeeInvis .   t - +1 mace (vorpal)
rCold   . . .      Faith    .   (no shield)
rNeg    . . .      Spirit   .   x - +0 crystal plate armour of the Blue Skies {Rampage Str-2 Dex+5}
rPois   +          Reflect  .   (helmet restricted)
rElec   .          Harm     .   Y - +1 cloak
rCorr   .          Rampage  +   k - +0 pair of gloves
Will    +....                   b - +2 pair of boots {rampage}
Stlth   ..........              (no amulet)
HPRegen 0.36/turn               j - +4 ring of evasion
MPRegen 0.14/turn               m - ring "Sofagoar" {rPois Str+6 Int+4}

@: no status effects
A: horns 2, retaliatory headbutt
a: Renounce Religion, Berserk, Trog's Hand, Brothers in Arms


You were on level 13 of the Dungeon.
You worshipped Trog.
Trog was extremely pleased with you.
You visited 3 branches of the dungeon, and saw 20 of its levels.
You visited 1 bazaar.
You also visited: Sewer.

You collected 2122 gold pieces.
You spent 900 gold pieces at shops.

Inventory:

Hand Weapons
 t - a +1 vorpal mace (weapon)
 B - a +3 executioner's axe
 I - the +3 battleaxe "Nougeux" {flame, rC+}
   (Trog gifted it to you on level 13 of the Dungeon)

   It burns those it strikes, dealing additional fire damage.
   Big, fiery blades are also staple armaments of hydra-hunters.
   rC:        It protects you from cold.
 J - a +2 vorpal shortbow
 N - a +3 antimagic battleaxe
Missiles
 a - 5 throwing nets
 r - 58 poisoned darts (quivered)
 v - 16 boomerangs
 X - a silver boomerang
Armour
 b - a +2 pair of boots of rampaging (worn)
 k - a +0 pair of gloves (worn)
 x - the +0 crystal plate armour of the Blue Skies (worn) {Rampage Str-2 Dex+5}
   (You acquired it in a bazaar)

   Str:       It affects your strength (-2).
   Dex:       It affects your dexterity (+5).
   Rampage:   It bestows one free step when moving towards enemies.
 V - a +0 pair of boots
 W - the +1 ring mail "Qumomat" {rC+ Regen+}
   (You found it on level 10 of the Dungeon)

   rC:        It protects you from cold.
   Regen:     It increases your rate of health regeneration.
 Y - a +1 cloak (worn)
Jewellery
 i - the ring of Rerry {rC+ Str+4 Int+2}
   (You found it on level 5 of the Lair of Beasts)

   [ring of protection from cold]

   Str:       It affects your strength (+4).
   Int:       It affects your intelligence (+2).
   rC:        It protects you from cold.
 j - a +4 ring of evasion (left hand)
 m - the ring "Sofagoar" (right hand) {rPois Str+6 Int+4}
   (You acquired it on level 11 of the Dungeon)

   [ring of strength]

   Str:       It affects your strength (+6).
   Int:       It affects your intelligence (+4).
   rPois:     It protects you from poison.
 p - a ring of poison resistance
 y - a ring of fire
 D - an amulet of the acrobat
Wands
 q - a wand of flame (22)
 C - a wand of charming (12)
 F - a wand of polymorph (8)
 H - a wand of acid (11)
 L - a wand of mindburst (25)
 R - a wand of roots (6)
Scrolls
 d - 3 scrolls of fear
 f - a scroll of poison
 l - 3 scrolls of magic mapping
 n - 3 scrolls of immolation
 o - 3 scrolls of teleportation
 s - 3 scrolls of brand weapon
 u - a scroll of butterflies
 w - a scroll of enchant armour
 T - 2 scrolls of enchant weapon
 Z - 3 scrolls of identify
Potions
 c - 8 potions of lignification
 e - 10 potions of curing
 g - 2 potions of cancellation
 h - 2 potions of resistance
 z - 2 potions of flight
 A - a potion of might
 G - a potion of ambrosia
 K - 5 potions of attraction
 M - 2 potions of brilliance
 O - 2 potions of berserk rage
 P - a potion of mutation {unknown}
 Q - a potion of magic {unknown}
 U - 3 potions of haste
Miscellaneous
 S - a phial of floods


   Skills:
 + Level 21.7 Fighting
 - Level 18.0 Axes
 - Level 0.5(11.7) Maces & Flails
 + Level 16.9 Armour
 - Level 2.2 Dodging
 - Level 1.2 Evocations


You had 14 spell levels left.
You didn't know any spells.
Your spell library was empty.

Dungeon Overview and Level Annotations

Branches:
Dungeon (13/15)            Temple (0/1) D:5            Lair (5/5) D:8
  Swamp (0/4) Lair:3        Snake (0/4) Lair:3        Slime (0/5) Lair:5
    Orc (2/2) D:12            Elf (0/3) Orc:2         Sewer (visited)
 Vaults: D:13-14

Altars:
Dithmenos
Elyvilon
Gozag
Hepliaklqana
Okawaru
Qazlal
Ru
Wu Jian
Zin

Shops:
D:2 [   D:7 [   D:12 ([=[   Orc:1 [   Orc:2 !:(!

Annotations:
D:8 2 runed translucent doors
Lair:2 exclusion: oklob plant
Lair:5 exclusion: obsidian statue


Innate Abilities, Weirdness & Mutations

You have a pair of horns on your head.
You reflexively headbutt those who attack you in melee.


Message History

You hit the large slime creature. You headbutt the large slime creature!
The large slime creature is severely wounded.
Two slime creatures merge to form an enormous slime creature.
You bludgeon the enormous slime creature!!
The enormous slime creature is heavily wounded.
You sock the enormous slime creature!
You headbutt the enormous slime creature.
The enormous slime creature is heavily wounded.
The enormous slime creature closely misses you.
You furiously retaliate!
You headbutt the enormous slime creature!
You sock the enormous slime creature!
Your headbutt misses the enormous slime creature.
The enormous slime creature is severely wounded.
The enormous slime creature hits you.
You hit the enormous slime creature.
You headbutt the enormous slime creature!
The enormous slime creature is severely wounded.
The enormous slime creature hits you!!
You sock the enormous slime creature!
You headbutt the enormous slime creature, but do no damage.
The enormous slime creature is severely wounded.
The enormous slime creature hits you!!!
* * * LOW HITPOINT WARNING * * *
You hear a bellow!
You thump the enormous slime creature!
Your headbutt misses the enormous slime creature.
You punch the enormous slime creature.
The enormous slime creature is almost dead.
You recover from your berserk rage.
You hit the enormous slime creature.
The enormous slime creature is almost dead.
The enormous slime creature hits you!!
* * * LOW HITPOINT WARNING * * *
You feel much better.
The enormous slime creature hits you but does no damage.
You sock the enormous slime creature!
The enormous slime creature is almost dead.
The enormous slime creature hits you!!!
You die...

#.# #.##
#.. ...
#.# #?#
#.# #J#
#@# .# #.#
.# #.# .#
#.# .# #.#
.# #.# .#
#.######.#
#........#
######...#


You could see an enormous slime creature.

Vanquished Creatures
  A dire elephant (Lair:5)
  2 ettins
  3 boulder beetles
  Harold (D:10)
  9 hydras
  A centaur warrior (D:13)
  3 two-headed ogres
  A death knight (D:13)
  7 death yaks
  5 orc high priests (Orc:2)
  2 spectral death yaks (Lair:5)
  3 skeletal warriors (D:13)
  A spectral anaconda (Lair:5)
  3 necromancers (Lair:5)
  A lindwurm (Lair:5)
  2 orc knights (Orc:2)
  An ugly thing (D:12)
  An orc sorcerer (Orc:2)
  5 cyclopes
  33 elephants
  4 black mambas
  10 cane toads
  A torpor snail (Lair:3)
  3 unseen horror zombies (D:9)
  An unseen horror (D:12)
  2 kobold demonologists
  3 rime drakes (Lair:5)
  An efreet (D:12)
  12 komodo dragons
  An unseen horror skeleton (D:9)
  3 trolls
  3 polar bears
  7 slime creatures
  29 blink frogs
  A spectral elephant (Lair:5)
  12 dream sheep
  41 yaks
  5 wraiths
  6 basilisks
  7 wyverns
  A steam dragon (D:10)
  6 vampire mosquitoes
  9 wargs
  A death yak simulacrum (Lair:5)
  A spectral cane toad (Lair:5)
  3 nagas (Lair:3)
  3 acid dragons
  14 water moccasins
  19 orc warriors
  4 black bears
  4 ice beasts
  A sky beast (D:6)
  11 ogres
  22 wolves
  9 centaurs
  An elephant skeleton (Lair:5)
  8 kobold brigands
  12 bullfrogs
  2 necrophages
  A gnoll sergeant (Orc:2)
  2 cane toad simulacra (Lair:5)
  A scorpion (D:5)
  6 killer bees (D:5)
  A howler monkey (D:6)
  3 electric eels
  3 hounds
  30 orc priests
  2 jellies (D:4)
  2 iguanas
  29 orc wizards
  A killer bee simulacrum (D:9)
  4 gnolls (D:5)
  18 adders
  3 river rats (D:5)
  A white imp (D:8)
  10 worms
  2 dart slugs
  65 orcs
  6 bats
  5 endoplasms
  8 giant cockroaches
  13 goblins
  12 hobgoblins
  6 jackals
  5 quokkas
  5 ball pythons
  9 frilled lizards
  32 kobolds
  7 rats
660 creatures vanquished.

Vanquished Creatures (collateral kills)
  2 dire elephants (Lair:5)
  A necromancer (Lair:5)
3 creatures vanquished.

Vanquished Creatures (others)
  An orc priest (Orc:1)
  57 bushes (D:13)
  26 fungi
  92 plants
  29 withered plants (Lair:5)
205 creatures vanquished.

Grand Total: 868 creatures vanquished

Notes
Turn   | Place    | Note
-------+----------+-------------------------------------------
     0 | D:1      | rakiston the Minotaur Berserker began the quest for the
                  | Orb.
     0 | D:1      | Reached XP level 1. HP: 19/19 MP: 0/0
   459 | D:1      | Reached XP level 2. HP: 27/27 MP: 1/1
   470 | D:1      | Reached skill level 4 in Fighting
  1093 | D:2      | Reached XP level 3. HP: 34/34 MP: 2/2
  1128 | D:2      | Found Baczeczu's Armour Emporium.
  1132 | D:2      | Reached ** piety under Trog
  1328 | D:2      | Reached skill level 5 in Axes
  1662 | D:3      | Found an iron altar of Okawaru.
  1697 | D:3      | Reached XP level 4. HP: 41/41 MP: 3/3
  2234 | D:3      | Reached skill level 5 in Fighting
  2536 | D:4      | Reached XP level 5. HP: 48/48 MP: 4/4
  2631 | D:4      | Noticed an ogre
  2637 | D:4      | Killed an ogre
  2764 | D:4      | Reached XP level 6. HP: 56/56 MP: 5/5
  2815 | D:4      | Reached *** piety under Trog
  3206 | D:4      | Noticed a water moccasin
  3215 | D:4      | Killed a water moccasin
  3454 | D:4      | Found a sacrificial altar of Ru.
  3624 | D:5      | Entered Level 5 of the Dungeon
  3626 | D:5      | Noticed an ice beast
  3639 | D:5      | Killed an ice beast
  3640 | D:5      | Reached XP level 7. HP: 47/62 MP: 6/6
  3708 | D:5      | Reached skill level 6 in Fighting
  3884 | D:5      | Found a glowing drain.
  3889 | Sewer    | Entered a sewer
  4396 | D:5      | Reached skill level 10 in Axes
  4446 | D:5      | Reached XP level 8. HP: 63/71 MP: 7/7
  4773 | D:5      | Found a staircase to the Ecumenical Temple.
  4783 | D:5      | Reached skill level 7 in Fighting
  4979 | D:5      | Reached **** piety under Trog
  5531 | D:6      | Found a white marble altar of Elyvilon.
  6036 | D:6      | Found a faded altar of an unknown god.
  6036 | D:6      | Found a faded altar of an unknown god.
  6036 | D:6      | Found a faded altar of an unknown god.
  6036 | D:6      | Found a hazy altar of Hepliaklqana.
  6038 | D:6      | Found a faded altar of an unknown god.
  6398 | D:7      | Reached XP level 9. HP: 66/81 MP: 8/8
  6416 | D:7      | Reached skill level 8 in Fighting
  6491 | D:7      | Found a stormy altar of Qazlal.
  6513 | D:7      | Found Gaacsuseas's Armour Shop.
  7015 | D:7      | Found a shadowy altar of Dithmenos.
  7541 | D:8      | Reached skill level 9 in Fighting
  7842 | D:8      | Found a large runed translucent door.
  7843 | D:8      | Found a large runed translucent door.
  7933 | D:8      | Reached XP level 10. HP: 92/92 MP: 9/9
  7958 | D:8      | Reached skill level 15 in Axes
  8003 | D:8      | Reached skill level 10 in Fighting
  8135 | D:8      | Found a staircase to the Lair.
  8728 | D:9      | Noticed a two-headed ogre
  8745 | D:9      | Killed a two-headed ogre
  8803 | D:9      | Noticed a two-headed ogre
  8808 | D:9      | Killed a two-headed ogre
  8809 | D:9      | Reached skill level 11 in Fighting
  9112 | D:9      | Noticed an orange demon
  9114 | D:9      | Noticed a soul eater
  9464 | D:9      | Reached XP level 11. HP: 104/104 MP: 10/10
  9966 | D:10     | Entered Level 10 of the Dungeon
  9966 | D:10     | Found an opulent altar of Gozag.
 10132 | D:10     | Found an ornate altar of the Wu Jian Council.
 10141 | D:10     | Identified the +1 ring mail "Qumomat" {rC+ Regen+}
 10199 | D:10     | Reached skill level 12 in Fighting
 10422 | D:10     | Noticed Harold
 10437 | D:10     | Killed Harold
 10631 | D:10     | Reached skill level 1 in Evocations
 10717 | D:10     | Reached skill level 13 in Fighting
 10772 | D:10     | Found a glowing silver altar of Zin.
 11288 | D:11     | Identified a scroll of acquirement
 11290 | D:11     | Acquired the ring "Sofagoar" {rPois Str+6 Int+4}
 11491 | D:11     | Reached ***** piety under Trog
 11654 | D:12     | Noticed a five-headed hydra
 11663 | D:12     | Killed a five-headed hydra
 11665 | D:12     | Found Leamor's Antique Weapon Shop.
 11696 | D:12     | Reached skill level 14 in Fighting
 11737 | D:12     | Found a gateway to a bazaar.
 11737 | D:12     | Noticed a boulder beetle
 11769 | D:12     | Killed a boulder beetle
 11828 | D:12     | Found a staircase to the Orcish Mines.
 11843 | D:12     | Received a gift from Trog
 11844 | D:12     | Reached XP level 12. HP: 103/118 MP: 11/11
 11871 | D:12     | Found Uroell's Antique Armour Boutique.
 11966 | D:12     | Reached skill level 5 in Armour
 12176 | D:12     | Found Sal Duig's Armour Boutique.
 12186 | D:12     | Reached skill level 15 in Fighting
 12208 | D:12     | Found Nufezo's Jewellery Shoppe.
 12481 | Bazaar   | Entered a bazaar
 12481 | Bazaar   | Found Ikoabell's Assorted Antiques.
 12488 | Bazaar   | Bought a potion of heal wounds for 80 gold pieces
 12488 | Bazaar   | Bought a potion of heal wounds for 80 gold pieces
 12488 | Bazaar   | Bought a scroll of identify for 32 gold pieces
 12492 | Bazaar   | Found Tumnihut's Assorted Antiques.
 12496 | Bazaar   | Found Zaqaunej's Weapon Shop.
 12498 | Bazaar   | Bought a scroll of identify for 54 gold pieces
 12498 | Bazaar   | Bought an embroidered cloak for 202 gold pieces
 12521 | Bazaar   | Acquired the +0 crystal plate armour of the Blue Skies
                  | {Rampage Str-2 Dex+5}
 12565 | Bazaar   | Found Zichenn's General Store.
 12573 | Bazaar   | Bought a scroll of identify for 20 gold pieces
 12615 | Orc:1    | Entered Level 1 of the Orcish Mines
 13239 | Orc:1    | Noticed an ettin
 13447 | D:12     | Killed an ettin
 13711 | Orc:1    | Found Bedd's Armour Boutique.
 14147 | Orc:2    | Entered Level 2 of the Orcish Mines
 14147 | Orc:2    | Noticed an orc high priest
 14147 | Orc:2    | Noticed an ettin
 14204 | Orc:2    | Reached skill level 16 in Fighting
 14773 | Orc:2    | Killed an ettin
 14875 | Orc:2    | Killed an orc high priest
 14942 | Orc:2    | Noticed an orc high priest
 14948 | Orc:2    | Killed an orc high priest
 14951 | Orc:2    | Noticed an orc high priest
 14988 | Orc:2    | Killed an orc high priest
 14989 | Orc:2    | Reached skill level 17 in Fighting
 14989 | Orc:2    | Reached XP level 13. HP: 109/132 MP: 4/12
 15499 | Orc:2    | Found Plog's Distillery.
 15499 | Orc:2    | Found Yriptaw's Book Boutique.
 15500 | Orc:2    | Found Corpheem's Distillery.
 15505 | Orc:2    | Found Ewaptag's Weapon Shop.
 15511 | Orc:2    | Bought a potion of heal wounds for 90 gold pieces
 15511 | Orc:2    | Bought a potion of heal wounds for 90 gold pieces
 15511 | Orc:2    | Bought a potion of might for 72 gold pieces
 15513 | Orc:2    | Bought 2 potions of heal wounds for 120 gold pieces
 15513 | Orc:2    | Bought a potion of heal wounds for 60 gold pieces
 15593 | Orc:2    | Found a staircase to the Elven Halls.
 16102 | Lair:1   | Entered Level 1 of the Lair of Beasts
 16131 | Lair:1   | Reached skill level 10 in Armour
 17286 | Lair:2   | Found a sacrificial altar of Ru.
 17296 | Lair:2   | Reached skill level 18 in Fighting
 18595 | Lair:3   | Received a gift from Trog
 18779 | Lair:3   | Found a staircase to the Snake Pit.
 19209 | Lair:3   | Reached skill level 19 in Fighting
 19300 | Lair:3   | Reached XP level 14. HP: 146/146 MP: 4/13
 20183 | Lair:3   | Found a staircase to the Swamp.
 20804 | Lair:4   | Reached skill level 20 in Fighting
 21078 | Lair:4   | Identified the +2 robe of Honour {*Corrode Int+5}
 21098 | Lair:4   | Reached ****** piety under Trog
 21497 | Lair:5   | Entered Level 5 of the Lair of Beasts
 21527 | Lair:5   | Found a staircase to the Slime Pits.
 21582 | Lair:5   | Identified the ring of Rerry {rC+ Str+4 Int+2}
 21857 | Lair:5   | Received a gift from Trog
 21874 | Lair:5   | Reached skill level 15 in Armour
 22138 | Lair:5   | Reached skill level 21 in Fighting
 22873 | Lair:5   | Reached XP level 15. HP: 158/158 MP: 14/14
 25577 | D:13     | Identified the +3 battleaxe "Nougeux" {flame, rC+} (Trog
                  | gifted it to you on level 13 of the Dungeon)
 25577 | D:13     | Received a gift from Trog
 25629 | D:13     | Slain by an enormous slime creature

Illustrated notes

Levels and vault maps discovered:
D:1:      minmay_arrival_plants_in_alcoves, layout_basic
D:2:      cheibrodos_greedy_goblins, layout_rooms, serial_shops, shop
D:3:      layout_basic, nicolae_overflow_crystal_walls, dk_noncrumbling_4,
          minivault_19, chequers_garden
D:4:      minmay_wonky_spiral, layout_loops_cross, amcnicky_altar_gilded
D:5:      layout_basic, minmay_temple_entry_drinking_statues,
          lightli_sewer_entry_pipes
D:6:      layout_loops_corners, elyvilon_altar_1,
          nicolae_hepliaklqana_ecumenical_no_more, serial_bayou_crossing
D:7:      layout_loops_corners, overflow_temple_1_default,
          grunt_qazlal_sundering, serial_shops, nicolae_shop_statue_plus,
          eino_tiny_chamber, minmay_misc_feat_diagonals
D:8:      layout_basic, jmf_multi_god_temple2, erik_lair_dragon
D:9:      layout_roguey, hangedman_weighted_door, nicolae_lava_and_water
D:10:     layout_rooms, nicolae_gozag_seed_capital, zin_statuary,
          mainiacjoe_overflow_tiny_flanked, amcnicky_mini_pool_medium,
          uniq_harold
D:11:     layout_basic
D:12:     layout_roguey, david_orc_3, serial_shops, bzr_entry_customers, shop,
          kennysheep_mini_moat, shop_fountains, nicolae_diamond_shop,
          gauntlet_entry_generic
D:13:     layout_loops_ring, minmay_hedge_maze, doesnt_xom_only_xom
Lair:1:   layout_layer_cave, infiniplex_staircase_pool, lemuel_fruit_fields,
          serial_bayou_shore_b, grunt_megastairs_5
Lair:2:   layout_regular_city, basic_altar
Lair:3:   layout_gridlike, palyth_hydra_swamp_entry,
          minmay_snake_entry_guardpost_small, st_stairs_3
Lair:4:   layout_cellular_growth, grunt_megastairs_1
Lair:5:   due_jungle_book, layout_gridlike, dpeg_slime_entry_corner,
          serial_bayou_pond_c, eino_small_chamber_without_monster, st_stairs_6,
          lemuel_fruit_tree
Orc:1:    layout_caves, serial_shops, nicolae_shop_crystal
Orc:2:    st_orc_mages, layout_caves, nicolae_orc_rockfall, sword_in_stone

Skill      XL: |  1  2  3  4  5  6  7  8  9 10 11 12 13 14 15 |
---------------+----------------------------------------------+-----
Axes           | 4 5 7 8 10 12 14 16 18 | 18.0
Fighting       | 4 5 6 7 9 11 14 17 19 21 | 21.7
Evocations     | 1 |  1.2
Armour         | 4 9 13 15 16 | 16.9
Maces & Flails | |  0.5
Dodging        | |  2.2

Action                   |  1- 3 |  4- 6 |  7- 9 | 10-12 | 13-15 || total
-------------------------+-------+-------+-------+-------+-------++-------
Melee: Hand axe          |    97 |   105 |   115 |       |       ||   317
       Headbutt          |     8 |    21 |    53 |   118 |   294 ||   494
       Punch             |     1 |     3 |     3 |     4 |     9 ||    20
       War axe           |       |       |   217 |   298 |       ||   515
       Mace              |       |       |       |    11 |   621 ||   632
       Battleaxe         |       |       |       |   232 |   322 ||   554
Throw: Stone             |     8 |    19 |       |       |       ||    27
       Dart              |       |     3 |    28 |    74 |    49 ||   154
Invok: Berserk           |       |     1 |     2 |    11 |     7 ||    21
       Trog's Hand       |       |       |       |     1 |     2 ||     3
       Brothers in Arms  |       |       |       |       |     3 ||     3
Evoke: Wand              |       |       |       |     4 |     8 ||    12
  Use: Scroll            |     4 |     1 |     8 |    10 |     8 ||    31
       Potion            |       |     1 |     2 |     2 |    17 ||    22
 Stab: Distracted        |       |       |       |       |     1 ||     1
Armor: Animal skin       |     4 |       |       |       |       ||     4
       Chain mail        |    10 |    33 |   133 |    41 |       ||   217
       Ring mail         |       |       |       |    43 |       ||    43
       Crystal plate arm |       |       |       |   142 |   692 ||   834
Dodge: Dodged            |    49 |    39 |   181 |   304 |   505 ||  1078
